 Dungeon Crawl Stone Soup version 0.31-a0-931-g7b59d4eb97 (webtiles) character file.

Game seed: 10790005214573377625

471 Shayle the Trooper (level 7, -5/75 HPs)
             Began as an Ogre Hexslinger on Oct 19, 2023.
             Slain by an orc
             ... wielding a +2 whip of electrocution
              (13 damage)
             ... on level 4 of the Dungeon.
             The game lasted 00:10:44 (3328 turns).

Shayle the Trooper (Ogre Hexslinger)                Turns: 3328, Time: 00:10:45

Health: -5/75      AC:  3    Str: 13    XL:     7   Next: 9%
Magic:  8/8        EV: 12    Int: 16    God:
Gold:   227        SH:  0    Dex: 17    Spells: 6/8 levels left

rFire   . . .        t - +0 giant spiked club
rCold   . . .        (shield currently unavailable)
rNeg    . . .        c - +0 robe
rPois   +            (helmet restricted)
rElec   .            (no cloak)
rCorr   .            (gloves unavailable)
SInv    .            (boots unavailable)
Will    .....        (no amulet)
Stlth   ++           d - ring of poison resistance
HPRegen 0.32/turn    r - +6 ring of dexterity
MPRegen 0.11/turn

%: no passive effects
@: no status effects
A: large, unfitting armour, tough skin 1
a: no special abilities


You were on level 4 of the Dungeon.
You visited 1 branch of the dungeon, and saw 4 of its levels.

You collected 227 gold pieces.

Inventory:

Hand Weapons
 a - a +1 sling
 l - a +2 dagger of draining
 t - a +0 giant spiked club (weapon)
Armour
 c - a +0 robe (worn)
Jewellery
 d - a ring of poison resistance (left hand)
 r - a +6 ring of dexterity (right hand)
Talismans
 m - a talisman of death
Wands
 s - a wand of roots (4)
Scrolls
 b - 2 scrolls of poison
 e - 3 scrolls of vulnerability {unknown}
 f - 5 scrolls of identify {unknown}
 i - 2 scrolls of immolation {unknown}
 k - a scroll of silence {unknown}
 q - 3 scrolls of fear {unknown}
Potions
 g - a potion of lignification {unknown}
 h - 2 potions of haste {unknown}
 j - 2 potions of might {unknown}
 n - 3 potions of heal wounds
 o - a potion of curing {unknown}
 p - a potion of attraction {unknown}


   Skills:
 + Level 6.0 Fighting
 + Level 0.5 Maces & Flails
 - Level 1.3 Ranged Weapons
 + Level 4.4 Dodging
 - Level 1.2 Spellcasting
 + Level 3.8 Hexes
 - Level 0.8 Fire Magic


You had 6 spell levels left.
You knew the following spells:

 Your Spells              Type           Power      Damage    Failure   Level
a - Jinxbite              Hex            26%        N/A       7%          2

Your spell library contained the following spells:

 Spells                   Type           Power      Damage    Failure   Level
 Sigil of Binding         Hex            13%        N/A       14%         3
 Inner Flame              Hex/Fire       8%         N/A       26%         3
 Cause Fear               Hex            6%         N/A       41%         4
 Dimensional Bullseye     Hex/Tloc       3%         N/A       71%         4
 Conjure Ball Lightning   Conj/Air       0%         3x3d6     100%        6
 Discord                  Hex            6%         N/A       100%        8
 Disjunction              Tloc           0%         N/A       100%        8


Dungeon Overview and Level Annotations

Branches:
Dungeon (4/15)
 Temple: D:4-7

Altars:
Vehumet


Innate Abilities, Weirdness & Mutations

You are too large for most types of armour.
You have tough skin. (AC +1)


Message History

You closely miss something. Something hits you but does no damage.
You closely miss something.
You hear some strange, mumbled words.
Something tries to affect you, but you resist.
Something hits you.
You miss something. Something hits you. Something completely misses you.
You miss something.
You hear some strange, mumbled words.
You are confused.
You hear some strange, mumbled words.
A magic dart appears from out of thin air!
The magic dart hits you!
You bump into the rock wall.
Something hits you.
You bump into the rock wall.
Something hits you.
You completely miss something. Something hits you.
You miss something.
You feel less confused. Something hits you. x2
You miss something.
You hear some strange, mumbled words.
A puff of flame appears from out of thin air!
The puff of flame misses you. Something hits you.
You miss something. Something hits you. x2
You sock something!
Reactivating autopickup.
You feel a bit more experienced. The orc barely misses you.
Your Fighting skill increases to level 6!
You barely miss the orc.
The orc hits you with a +2 whip of electrocution.
The orc misses you.
You closely miss the orc.
The orc hits you with a +2 whip of electrocution.
You are electrocuted!!
* * * LOW HITPOINT WARNING * * *
You hit the orc.
The orc is lightly wounded.
The orc hits you with a +2 whip of electrocution.
* * * LOW HITPOINT WARNING * * *
You are electrocuted!
You die...

#......#.........#...#
#.####.#.........#...#
#.# #.#.............#
###########.#
#.#...>.....#..##
.<..........#
#..............#
......#######
#.###.......##.###
#####.# #.#
#####......... # #.#
#.# #.......### # #.#
#@# ##.###### # #.#
#o# ### #.# #o# #.#
#.# #.# #.# #.# ..#
###


You could see 2 orcs.

Vanquished Creatures
  An ogre (D:4)
  A hound (D:4)
  A jelly (D:4)
  A sleepcap (D:4)
  An iguana (D:4)
  2 orc wizards (D:4)
  Robin (D:2)
  4 adders
  A worm (D:3)
  4 dart slugs
  11 orcs
  7 ball pythons
  7 bats
  8 endoplasms
  5 giant cockroaches
  20 goblins
  4 hobgoblins
  6 jackals
  8 kobolds
  7 quokkas
  A frilled lizard (D:2)
  4 rats
105 creatures vanquished.

Vanquished Creatures (others)
  An iguana (D:4)
  An orc wizard (D:4)
2 creatures vanquished.

Grand Total: 107 creatures vanquished

Notes
Turn   | Place    | Note
-------+----------+-------------------------------------------
     0 | D:1      | Shayle the Ogre Hexslinger began the quest for the Orb.
     0 | D:1      | Reached XP level 1. HP: 19/19 MP: 2/2
   166 | D:1      | Reached skill level 2 in Fighting
   168 | D:1      | Reached XP level 2. HP: 25/28 MP: 3/3
   679 | D:1      | Reached XP level 3. HP: 36/36 MP: 4/4
  1064 | D:2      | Reached skill level 3 in Fighting
  1270 | D:2      | Found a faded altar of an unknown god.
  1333 | D:2      | Noticed Robin
  1345 | D:2      | Killed Robin
  1361 | D:2      | Reached XP level 4. HP: 44/45 MP: 5/5
  1826 | D:3      | Reached skill level 4 in Fighting
  2016 | D:3      | Learned a level 2 spell: Jinxbite
  2035 | D:3      | Reached XP level 5. HP: 55/55 MP: 6/6
  2080 | D:3      | Found a radiant altar of Vehumet.
  2589 | D:4      | Reached skill level 5 in Fighting
  2595 | D:4      | Reached XP level 6. HP: 42/66 MP: 7/7
  3203 | D:4      | Reached XP level 7. HP: 55/74 MP: 8/8
  3326 | D:4      | Reached skill level 6 in Fighting
  3328 | D:4      | Slain by an orc

Illustrated notes

Levels and vault maps discovered:
D:1:      matt_arrival_diagonals, layout_basic
D:2:      layout_rooms, chequers_ecumenical_altar_island,
          minmay_worlds_worst_comb, uniq_robin
D:3:      minmay_recursive_quarters, layout_rooms, fiery_altar_vehumet,
          nicolae_figureground_pulse
D:4:      layout_loops_ring

Skill      XL: |  1  2  3  4  5  6  7 |
---------------+----------------------+-----
Dodging        | 2 3 4 |  4.4
Fighting       | 2 3 4 5 6 |  6.0
Hexes          | 3 |  3.8
Maces & Flails | |  0.5
Ranged Weapons | |  1.3
Spellcasting   | |  1.2
Fire Magic     | |  0.8

Action                     |  1- 3 |  4- 6 |  7- 9 || total
---------------------------+-------+-------+-------++-------
  Melee: Dagger            |     8 |   220 |       ||   228
         Punch             |       |     1 |       ||     1
         Giant spiked club |       |    11 |    25 ||    36
   Fire: Sling             |   123 |       |       ||   123
   Cast: Jinxbite          |       |     1 |       ||     1
    Use: Potion            |       |     1 |       ||     1
   Stab: Distracted        |       |     1 |       ||     1
         Sleeping          |       |     1 |       ||     1
 Armour: Robe              |    76 |   148 |    28 ||   252
  Dodge: Dodged            |    60 |   107 |    15 ||   182

Table legend: (Time is in decaauts)
 A = Elapsed time spent in this place.
 B = Non-inter-level travel time spent in this place.
 C = Inter-level travel time spent in this place.
 D = Time resting spent in this place.
 E = Time spent auto-exploring this place.
 F = Levels seen in this place.
 G = Mean time per level.
                   A        B        C        D        E       F      G
               +--------+--------+--------+--------+--------+-----+--------+
         Total |   3393 |   3323 |     70 |     19 |   2361 |   4 |  848.2 |
       Dungeon |   3393 |   3323 |     70 |     19 |   2361 |   4 |  848.2 |
               +--------+--------+--------+--------+--------+-----+--------+

Top non-repeatable levels by time:
     D:4: 1055 daAuts
     D:1: 963 daAuts
     D:3: 712 daAuts
     D:2: 661 daAuts
